 Dungeon Crawl Stone Soup version 0.31-a0-236-g9a0961fb85 (webtiles) character file.

Game seed: 4082178684922097692

4 qw the Shooter (level 1, 0/16 HPs)
             Began as a Minotaur Hexslinger on July 10, 2023.
             Killed from afar by a dart slug (2 damage)
             ... with a slug dart
             ... on level 1 of the Dungeon.
             The game lasted 00:00:02 (158 turns).

qw the Shooter (Minotaur Hexslinger)                 Turns: 158, Time: 00:00:03

Health: 0/16       AC:  2    Str: 12    XL:     1   Next: 58%
Magic:  1/1        EV: 12    Int: 10    God:
Gold:   28         SH:  0    Dex: 12    Spells: 1/2 levels left

rFire   . . .        a - +1 sling
rCold   . . .        (no shield)
rNeg    . . .        c - +0 robe
rPois   .            (helmet restricted)
rElec   .            (no cloak)
rCorr   .            (no gloves)
SInv    .            (no boots)
Will    .....        (no amulet)
Stlth   +            (no ring)
HPRegen 0.22/turn    (no ring)
MPRegen 0.07/turn

%: no passive effects
@: no status effects
A: horns 2, retaliatory headbutt
a: no special abilities


You were on level 1 of the Dungeon.
You visited 1 branch of the dungeon, and saw 1 of its levels.

You collected 28 gold pieces.


Innate Abilities, Weirdness & Mutations

You have a pair of horns on your head.
You reflexively headbutt those who attack you in melee.


   Skills:
 - Level 1.2 Fighting
 + Level 2.7 Ranged Weapons
 - Level 2.1 Dodging
 - Level 1.0 Spellcasting
 - Level 2.0 Hexes


You had one spell level left.
You knew the following spells:

 Your Spells              Type           Power      Damage    Failure   Level
a - Slow                  Hex            16%        N/A       16%         1

Your spell library contained the following spells:

 Spells                   Type           Power      Damage    Failure   Level
 Inner Flame              Hex/Fire       2%         N/A       56%         3
 Portal Projectile        Hex/Tloc       4%         N/A       56%         3
 Cause Fear               Hex            2%         N/A       83%         4

Inventory:

Hand Weapons
 a - a +1 sling (weapon)
Armour
 c - a +0 robe (worn)
Scrolls
 b - a scroll of poison
Potions
 d - a potion of invisibility {unknown}

Dungeon Overview and Level Annotations

Branches:
Dungeon (1/15)

Altars:


Message History

The kobold completely misses you.
You shoot a sling bullet.
The sling bullet hits the kobold but does no damage.
The kobold hits you with a +2 dagger of flaming.
The kobold burns you.
A quokka comes into view.
The kobold hits you with a +2 dagger of flaming.
The kobold burns you.
You shoot a sling bullet.
The sling bullet completely misses the kobold.
The sling bullet hits the rat.
You kill the rat!
The kobold misses you.
You shoot a sling bullet. The sling bullet hits the kobold.
The kobold is heavily wounded.
The kobold barely misses you. You furiously retaliate!
You headbutt the kobold. You shoot a sling bullet.
The sling bullet hits the kobold but does no damage.
The kobold is severely wounded.
The kobold hits you with a +2 dagger of flaming.
The kobold burns you.
You shoot a sling bullet. The sling bullet misses the kobold.
The sling bullet closely misses the quokka.
The kobold hits you with a +2 dagger of flaming.
The kobold burns you. The kobold barely misses you.
You shoot a sling bullet. The sling bullet hits the kobold.
You kill the kobold!
You shoot a sling bullet. The sling bullet hits the quokka.
The quokka is heavily wounded.
The quokka bites you. The quokka barely misses you.
You shoot a sling bullet. The sling bullet hits the quokka.
You kill the quokka!
You shoot a sling bullet.
The sling bullet hits the rat but does no damage.
The rat bites you but does no damage. The rat closely misses you.
You shoot a sling bullet. The sling bullet hits the rat.
You kill the rat!
The dart slug launches a dart at you. The slug dart hits you.
You die...

######### ........#
#######.# ###.###
#.....#
#####.###.########
#.....# #.......@#
#.###.###>######.)w.....
..........# ###w.....
#.######### ...... ..#
...[. ### ..... ...# ##
#.## .#


You could see 2 dart slugs.

Vanquished Creatures
  A goblin (D:1)
  A kobold (D:1)
  A quokka (D:1)
  2 rats (D:1)
5 creatures vanquished.

Notes
Turn   | Place    | Note
-------+----------+-------------------------------------------
     0 | D:1      | qw the Minotaur Hexslinger began the quest for the Orb.
     0 | D:1      | Reached XP level 1. HP: 16/16 MP: 1/1
     0 | D:1      | 0 ||| qw: Version: 0.3-a-52-g30416fa
     0 | D:1      | 0 ||| qw: Game counter: 4897
     0 | D:1      | 0 ||| qw: Melee chars always use a shield: true
     0 | D:1      | 0 ||| qw: God list: Okawaru
     0 | D:1      | 0 ||| qw: Allow faded altars: false
     0 | D:1      | 0 ||| qw: Do Orc after clearing Dungeon:15 true
     0 | D:1      | 0 ||| qw: Do second Lair branch before Depths: true
     0 | D:1      | 0 ||| qw: Lair rune preference: random
     0 | D:1      | 0 ||| qw: Goals: Normal
     0 | D:1      | 0 ||| PLANNING D:1-11
   155 | D:1      | HP: 2/16 [quokka (4)]
   158 | D:1      | Killed from afar by a dart slug

Levels and vault maps discovered:
D:1:      dpeg_arrival_lava_altar, layout_loops_ring

Action                     || total
---------------------------++-------
   Fire: Sling             ||    16
 Armour: Robe              ||     2
  Dodge: Dodged            ||     7

Table legend:
 A = Non-vault XP
 B = Vault XP
 C = Vault XP percentage of total XP
 D = Non-vault monster count
 E = Vault monster count
 F = Vault count percentage of total count
                 A         B        C        D         E       F
            +---------+---------+-------+---------+---------+-------
      Total |       8 |       0 |   0.0 |       5 |       0 |   0.0
            +---------+---------+-------+---------+---------+-------
        D:1 |       8 |       0 |   0.0 |       5 |       0 |   0.0
            +---------+---------+-------+---------+---------+-------
